 Dungeon Crawl Stone Soup version 0.26-a0-648-g87339cca5e (webtiles) character file.

Game seed: 7709149799026207228

70306 DogServant the Martial Artist (level 14, 0/124 HPs)
             Began as a Yellow Draconian Transmuter on Sept 25, 2020.
             Was a Priest of Ru.
             Slain by a deep troll shaman (1 damage)
             ... while petrified by you
             ... on level 6 of the Lair of Beasts.
             The game lasted 01:13:31 (29246 turns).

DogServant the Martial Artist (DrTm)               Turns: 29246, Time: 01:13:31

Health: 0/124      AC: 10    Str: 13    XL:     14   Next: 93%
Magic:  20/23      EV:  2    Int: 13    God:    Ru [***...]
Gold:   1019       SH:  0    Dex: 17    Spells: 8/25 levels left

rFire    + . .     SeeInvis +     - Unarmed
rCold    + . .     Faith    .   (shield currently unavailable)
rNeg     + + +     Spirit   .   (armour unavailable)
rPois    ∞         Reflect  .   (helmet restricted)
rElec    .         Harm     .   B - scarf {rC+ rF+}
rCorr    +         Rampage  .   (gloves currently unavailable)
MR       +....                  s - +2 pair of boots
Stlth    ++........             y - amulet of the acrobat
HPRegen  0.30/turn              C - +4 ring of evasion
MPRegen  0.18/turn              N - ring of the Jackalope {rPois AC+4 SInv}

@: short of breath, blade hands (expiring), petrified
A: spit acid, unfitting armour, acidic bite, cold-blooded, hated by all, reduced
AC 1, acid resistance, AC +8
a: Breathe Acid, End Transformation, Draw Out Power, Renounce Religion


You were on level 6 of the Lair of Beasts.
You worshipped Ru.
Ru was most pleased with you.
You had blades for hands.
You visited 3 branches of the dungeon, and saw 18 of its levels.
You also visited: Sewer.

You collected 1019 gold pieces.

Inventory:

Missiles
 K - 5 boomerangs of dispersal (quivered)
Armour
 d - a +2 pair of gloves (melded)
 s - a +2 pair of boots (worn)
 B - a scarf of resistance (worn)
 F - a +1 cloak of magic resistance
Jewellery
 k - an uncursed ring of protection from magic
 n - an uncursed ring of positive energy
 t - an uncursed ring of protection from fire
 y - an amulet of the acrobat (around neck)
 z - an uncursed ring of wizardry
 C - a +4 ring of evasion (left scythe-like blade)
 N - the ring of the Jackalope (right scythe-like blade) {rPois AC+4 SInv}
   (You acquired it on level 3 of the Lair of Beasts)

   [ring of protection]

   It affects your AC (+4).
   It protects you from poison.
   It lets you see invisible.
Wands
 e - a wand of digging (7)
 o - a wand of random effects (25)
 p - a wand of flame (25)
 q - a wand of acid (15)
 x - a wand of iceblast (8)
 H - a wand of polymorph (8)
 I - a wand of disintegration (6)
 Q - a wand of paralysis (16)
Scrolls
 h - 3 scrolls of enchant weapon
 j - 7 scrolls of teleportation
 u - 3 scrolls of remove curse
 D - 2 scrolls of magic mapping
 E - a scroll of holy word {unknown}
 G - a scroll of blinking
 M - a scroll of fog
 O - a scroll of enchant armour
 U - a scroll of silence {unknown}
Potions
 a - 4 potions of flight
 b - 4 potions of resistance
 c - 8 potions of curing
 f - a potion of ambrosia
 g - a potion of brilliance
 i - 3 potions of stabbing
 l - 3 potions of cancellation
 m - 4 potions of might
 v - 5 potions of lignification
 w - a potion of mutation
 A - a potion of berserk rage
 S - a potion of invisibility {unknown}


   Skills:
 + Level 11.0 Fighting
 + Level 10.7 Dodging
 + Level 12.3 Unarmed Combat
 - Level 6.2 Spellcasting
 + Level 5.8 Translocations
 + Level 12.0 Transmutations
 - Level 4.9 Ice Magic
 - Level 4.0 Poison Magic
 + Level 2.7 Evocations


You had 8 spell levels left.
You knew the following spells:

 Your Spells              Type           Power        Failure   Level
a - Beastly Appendage     Tmut           #####.       8%          1
b - Wereblood             Tmut           #####...     9%          2
c - Spider Form           Tmut/Pois      ###.......   21%         3
d - Ice Form              Ice/Tmut       ####....     32%         4
e - Blade Hands           Tmut           #####.....   26%         5
f - Blink                 Tloc           N/A          22%         2

Your spell library contained the following spells:

 Spells                   Type           Power        Failure   Level
 Apportation              Tloc           ###...       19%         1
 Ensorcelled Hibernation  Hex/Ice        ##....       43%         2
 Petrify                  Tmut/Erth      ###.....     54%         4
 Corona                   Hex            #......      58%         1
 Magic Dart               Conj           #...         58%         1
 Slow                     Hex            #.......     69%         2
 Mephitic Cloud           Conj/Pois/Air  #.......     71%         3
 Confusing Touch          Hex            #.......     85%         3
 Conjure Flame            Conj/Fire      #.......     85%         3
 Dazzling Flash           Conj/Hex       #.....       85%         3
 Bolt of Magma            Conj/Fire/Erth #.........   100%        5
 Iskenderun's Battlesphe  Conj           #.......     100%        5
 Iron Shot                Conj/Erth      #.........   100%        6
 Orb of Destruction       Conj           #.........   100%        7
 Animate Skeleton         Necr           Unusable     N/A         1
 Summon Small Mammal      Summ           Unusable     N/A         1
 Call Imp                 Summ           Unusable     N/A         2
 Tukima's Dance           Hex            Unusable     N/A         3
 Summon Lightning Spire   Summ/Air       Unusable     N/A         4
 Spellforged Servitor     Conj/Summ      Unusable     N/A         7
 Dragon's Call            Summ           Unusable     N/A         9

Dungeon Overview and Level Annotations

Branches:
Dungeon (11/15)            Temple (1/1) D:7            Lair (6/6) D:11
 Shoals (0/4) Lair:2        Snake (0/4) Lair:4        Sewer (visited)
  Slime: Lair:5-6       Orc: D:9-12

Altars:
Ashenzari
Cheibriados
Dithmenos
Elyvilon
Fedhas
Gozag
Hepliaklqana
Kikubaaqudgha
Makhleb
Okawaru
Qazlal
Ru
Sif Muna
Trog
Uskayaw
Vehumet
Wu Jian
Xom
Yredelemnul
Zin
The Shining One

Annotations:
D:4 3 runed translucent doors, smajdalf's ghost, amateur TeAE
D:10 exclusion: 2 oklob plants
Lair:6 Kirke


Innate Abilities, Weirdness & Mutations

You can spit globs of acid.
Your golden yellow scales are hard. (AC +8)
You cannot fit into any form of body armour.
You have acidic saliva.
You are cold-blooded and may be slowed by cold attacks.
You are hated by all.
You take slightly more damage. (AC -5)
You are resistant to acid. (rCorr)


Message History

The blast of calcifying dust hits you but does no damage.
You are engulfed in calcifying dust.
The deep troll shaman bites you but does no damage.
The deep troll shaman claws you. The deep troll shaman claws you!
The catoblepas gores you!!
* * * LOW HITPOINT WARNING * * *
You are engulfed in calcifying dust.
Your transformation is almost over.
The deep troll shaman bites you!
* * * LOW HITPOINT WARNING * * *
The deep troll shaman claws you.
* * * LOW HITPOINT WARNING * * *
The deep troll shaman claws you but does no damage.
The catoblepas gores you!!
* * * LOW HITPOINT WARNING * * *
Your magical contamination has completely faded away.
You are engulfed in calcifying dust.
The deep troll shaman bites you!!
* * * LOW HITPOINT WARNING * * *
The deep troll shaman claws you.
You die...

..# Y.÷. # ..## #...#
.# .P.# #....##.# #..##
##.....#.# ##..###
.#.....÷..## ##†..###
......÷...P# #.....###
###†...##
##......#######T......#
##..÷.....P§§@Y##..###
##P.......P..## ###
#######.P..## ######


You could see a catoblepas and a deep troll shaman.

Vanquished Creatures
  3 hydras
  A catoblepas (Lair:5)
  A centaur warrior (D:11)
  6 death yaks (Lair:6)
  3 two-headed ogres
  Urug (Lair:1)
  A skeletal warrior (D:10)
  An unseen horror (D:11)
  5 elephants (Lair:6)
  2 merfolk sirens (Lair:2)
  8 black mambas
  2 torpor snails
  2 gargoyles (D:10)
  16 cane toads
  A rime drake (Lair:6)
  11 komodo dragons
  2 trolls (D:11)
  2 merfolk (Lair:2)
  A polar bear (Lair:2)
  Prince Ribbit (Lair:3)
  18 blink frogs
  4 dream sheep (Lair:6)
  9 hippogriffs
  2 wraiths (D:11)
  2 spriggans (Lair:2)
  3 wyverns
  24 yaks
  3 hogs (Lair:6)
  Menkaure (D:7)
  4 basilisks
  9 water moccasins
  An acid dragon (D:11)
  5 porcupines
  4 sky beasts
  4 orc warriors
  3 ice beasts
  5 black bears
  5 ogres
  A necrophage (D:9)
  11 wolves
  3 centaurs
  10 crocodiles
  2 big kobolds
  Blork the orc (D:6)
  A wyvern zombie (D:10)
  10 bullfrogs
  A wyvern skeleton (D:11)
  A water moccasin skeleton (D:8)
  2 scorpions
  10 killer bees
  A howler monkey (D:7)
  2 electric eels
  2 bullfrog zombies
  3 quasits
  12 orc wizards
  4 jellies
  3 bullfrog skeletons
  A centaur skeleton (D:9)
  5 hounds
  2 orc priests
  An iguana (D:7)
  Terence (D:2)
  Natasha (thrice) (D:3)
  7 worker ants
  A hound zombie (D:7)
  2 hound skeletons
  A howler monkey zombie (D:6)
  2 howler monkey skeletons
  14 gnolls
  13 adders
  2 river rats
  5 white imps
  An ufetubus (D:10)
  2 adder skeletons (D:9)
  6 worms
  4 dart slugs
  4 leopard geckos
  30 orcs
  5 bats
  6 giant cockroaches
  8 goblins
  8 hobgoblins
  14 jackals
  4 quokkas
  A frilled lizard (D:2)
  A jackal zombie (D:9)
  6 kobolds
  11 rats
427 creatures vanquished.

Vanquished Creatures (others)
  A cane toad (Lair:6)
  A komodo dragon (Lair:6)
  100 fungi
  122 plants
224 creatures vanquished.

Grand Total: 651 creatures vanquished

Notes
Turn   | Place    | Note
-------+----------+-------------------------------------------
     0 | D:1      | DogServant the Draconian Transmuter began the quest for the
                  | Orb.
     0 | D:1      | Reached XP level 1. HP: 16/16 MP: 3/3
   377 | D:1      | Reached XP level 2. HP: 17/24 MP: 3/5
  1564 | D:2      | Reached XP level 3. HP: 12/30 MP: 4/6
  1776 | D:2      | Learned a level 2 spell: Wereblood
  1780 | D:2      | Learned a level 3 spell: Spider Form
  2171 | D:2      | Noticed Terence
  2180 | D:2      | Killed Terence
  2180 | D:2      | Reached XP level 4. HP: 27/37 MP: 3/7
  2315 | D:2      | Found a broken altar of Ashenzari.
  2327 | D:2      | Reached skill level 1 in Poison Magic
  2991 | D:3      | Reached XP level 5. HP: 38/42 MP: 6/8
  3134 | D:3      | Noticed Natasha
  3155 | D:3      | Killed Natasha
  3448 | D:3      | Found a radiant altar of Vehumet.
  3487 | D:3      | Found a snail-covered altar of Cheibriados.
  3838 | D:3      | Noticed Natasha
  3851 | D:3      | Killed Natasha
  3870 | D:3      | Noticed Natasha
  3887 | D:3      | Killed Natasha
  4119 | D:3      | Found a glowing silver altar of Zin.
  4124 | D:3      | Found an opulent altar of Gozag.
  4611 | D:4      | Reached XP level 6. HP: 35/50 MP: 7/9
  5472 | D:4      | Found a hazy altar of Hepliaklqana.
  5550 | D:4      | Reached skill level 5 in Unarmed Combat
  5550 | D:4      | Your scales start taking on a golden yellow colour.
  5550 | D:4      | Reached XP level 7. HP: 42/56 MP: 7/10
  5550 | D:4      | Gained mutation: You are resistant to acid. (rCorr) [Yellow
                  | Draconian growth]
  5935 | D:4      | Found a runed translucent gate.
  5948 | D:4      | Found a runed translucent gate.
  5948 | D:4      | Found a runed translucent gate.
  6059 | D:4      | Noticed smajdalf's ghost (amateur TeAE)
  6246 | D:5      | Entered Level 5 of the Dungeon
  6246 | D:5      | Found a hide-covered altar of Uskayaw.
  6246 | D:5      | Noticed a +0 hand axe
  6247 | D:5      | Noticed a +0 hand axe
  6607 | D:5      | Learned a level 4 spell: Ice Form
  7171 | D:5      | Reached skill level 1 in Ice Magic
  7408 | D:5      | Found an iron altar of Okawaru.
  7535 | D:6      | Noticed Blork the orc
  7798 | D:6      | Killed Blork the orc
  7871 | D:6      | Reached XP level 8. HP: 62/62 MP: 11/11
  7888 | D:6      | Found a glowing drain.
  7897 | Sewer    | Entered a sewer
  8059 | Sewer    | Found a white marble altar of Elyvilon.
  8321 | D:6      | Found a bloodstained altar of Trog.
  8343 | D:6      | Reached skill level 5 in Transmutations
  9317 | D:7      | Noticed Menkaure
  9331 | D:7      | Killed Menkaure
  9902 | D:7      | Found a white marble altar of Elyvilon.
  9986 | D:7      | Found an ornate altar of the Wu Jian Council.
 10010 | D:7      | Reached XP level 9. HP: 71/71 MP: 10/12
 10033 | D:7      | Found a shadowy altar of Dithmenos.
 10445 | D:7      | Found a glowing golden altar of the Shining One.
 10572 | D:7      | Found a staircase to the Ecumenical Temple.
 10584 | Temple   | Entered the Ecumenical Temple
 10629 | Temple   | Became a worshipper of Ru the Awakened
 11120 | D:8      | Noticed a two-headed ogre
 11163 | D:8      | Killed a two-headed ogre
 11163 | D:8      | Reached skill level 5 in Fighting
 11163 | D:8      | Reached skill level 5 in Dodging
 11891 | D:8      | Found a shimmering altar of Xom.
 12259 | D:9      | Noticed a two-headed ogre
 12287 | D:9      | Killed a two-headed ogre
 12287 | D:9      | Reached XP level 10. HP: 57/83 MP: 9/13
 13248 | D:10     | Entered Level 10 of the Dungeon
 13285 | D:10     | Noticed a gargoyle
 13294 | D:10     | Killed a gargoyle
 13308 | D:10     | Noticed a gargoyle
 13318 | D:10     | Killed a gargoyle
 13513 | D:10     | Found a blossoming altar of Fedhas.
 13515 | D:10     | Noticed an oklob plant
 13515 | D:10     | Noticed an oklob plant
 13691 | D:10     | Found an ornate altar of the Wu Jian Council.
 13743 | D:10     | Noticed a skeletal warrior
 13744 | D:10     | Noticed a skeletal warrior
 14375 | D:9      | Reached XP level 11. HP: 78/92 MP: 15/15
 14448 | D:9      | Noticed a two-headed ogre
 14461 | D:9      | Killed a two-headed ogre
 15768 | D:10     | Noticed a skeletal warrior
 15794 | D:10     | Killed a skeletal warrior
 16042 | D:10     | Identified a scroll of acquirement
 16042 | D:10     | Acquired a +1 cloak of magic resistance
 16636 | D:11     | Learned a level 5 spell: Blade Hands
 16645 | D:11     | Learned a level 2 spell: Blink
 16750 | D:11     | Found a staircase to the Lair.
 17011 | D:11     | Noticed a centaur warrior
 17027 | D:11     | Killed a centaur warrior
 17370 | D:11     | Killed an unseen horror
 17370 | D:11     | Reached skill level 10 in Unarmed Combat
 18135 | Lair:1   | Entered Level 1 of the Lair of Beasts
 18826 | Lair:1   | Noticed Urug
 18848 | Lair:1   | Killed Urug
 18848 | Lair:1   | Reached skill level 10 in Transmutations
 19256 | Lair:1   | Reached XP level 12. HP: 101/101 MP: 13/19
 19843 | Lair:2   | Reached skill level 5 in Spellcasting
 20401 | Lair:2   | Gained mutation: You are hated by all. [Ru sacrifice]
 20401 | Lair:2   | Reached * piety under Ru
 20415 | Lair:2   | Found a staircase to the Shoals.
 21963 | Lair:3   | Acquired an uncursed ring of protection from fire
 21984 | Lair:3   | Noticed Prince Ribbit
 21997 | Lair:3   | Killed Prince Ribbit
 22006 | Lair:3   | Reached skill level 1 in Translocations
 22830 | Lair:3   | Acquired the ring of the Jackalope {rPois AC+4 SInv}
 22953 | Lair:3   | Noticed a six-headed hydra
 22960 | Lair:3   | Noticed a seven-headed hydra
 22965 | Lair:3   | Killed a six-headed hydra
 24156 | Lair:3   | Killed a seven-headed hydra
 24577 | Lair:4   | Found a staircase to the Snake Pit.
 24588 | Lair:4   | Gained mutation: You take slightly more damage. (AC -5) [Ru
                  | sacrifice]
 24588 | Lair:4   | Reached ** piety under Ru
 24588 | Lair:4   | Reached *** piety under Ru
 25245 | Lair:5   | Reached XP level 13. HP: 111/111 MP: 22/22
 25563 | Lair:5   | Identified the Collected Works on Transmutation and
                  | Companions
 26666 | Lair:6   | Entered Level 6 of the Lair of Beasts
 27045 | Lair:6   | Reached skill level 10 in Dodging
 27052 | Lair:6   | Reached skill level 10 in Fighting
 27870 | Lair:6   | Reached skill level 5 in Translocations
 27870 | Lair:6   | Noticed Kirke
 28978 | Lair:6   | Reached skill level 1 in Evocations
 28978 | Lair:6   | Gained mutation: You have acidic saliva. [Yellow Draconian
                  | growth]
 28978 | Lair:6   | Reached XP level 14. HP: 122/122 MP: 23/23
 29246 | Lair:6   | HP: 1/124 [deep troll shaman (9)]
 29246 | Lair:6   | Slain by a deep troll shaman

Illustrated notes

Levels and vault maps discovered:
D:1:      lemuel_arrival_broad_hall, layout_basic
D:2:      layout_basic, nicolae_ashenzari_panopticon, corexii_leaking_fountain,
          minmay_split_cup_large, uniq_terence
D:3:      layout_loops_corners, grunt_temple_overflow_gold_and_silver,
          vehumet_crystals, kennysheep_slug_shrine, uniq_natasha
D:4:      layout_loops_ring, lemuel_crystal_altar, ebering_ghost_rock_garden,
          kennysheep_path_1, minivault_4, grunt_decor_resistance
D:5:      layout_basic, dancing_weapons_uskayaw, lemuel_round_altar,
          chequers_mini_garden
D:6:      layout_loops_ring, cheibrodos_sewer_entry_sluice, trog_butcher_becter,
          uniq_blork_the_orc
D:7:      layout_loops_ring, elyvilon_altar_3, lemuel_round_altar,
          nicolae_tso_carved_into_rock,
          nicolae_dithmenos_through_a_glass_darkly, minmay_temple_entry_trees,
          uniq_menkaure
D:8:      layout_cave_pools, tgw_xom
D:9:      layout_irregular_city, enter_bailey_1, dk_rats_in_the_wall
D:10:     layout_cave_pools, basic_altar, eino_small_chamber_without_monster,
          hangedman_tree_tricks
D:11:     layout_irregular_city, due_lair_maze_entry_diamond,
          grunt_ministairs_7, minmay_misc_feat_alley, st_stairs_7
Temple:   cyrus_temple_forest
Lair:1:   layout_chaotic_city, chequers_serial_rivers_micro_e,
          serial_bayou_lake_a, infiniplex_staircase_pool, grunt_megastairs_2,
          uniq_urug
Lair:2:   layout_long_grid, elwin_shoals_entry_stream, forest_entry_grove,
          serial_bayou_shore_a, serial_bayou_shore_b, grunt_megastairs_3,
          serial_bayou_shore_b
Lair:3:   layout_regular_city, uniq_prince_ribbit2
Lair:4:   layout_small_grid, dummy_snake_entry, beast_lair_carwin_11
Lair:5:   layout_loops_ring, minmay_shattered_shrine
Lair:6:   grunt_lair_end_beastmaster, layout_cave_pods,
          dpeg_slime_entry_enclosed_altar, serial_bayou_shore_b,
          grunt_megastairs_4, lemuel_fruit_tree, uniq_kirke

Skill      XL: |  1  2  3  4  5  6  7  8  9 10 11 12 13 14 |
---------------+-------------------------------------------+-----
Fighting       | 2 4 6 7 8 9 10 11 | 11.0
Dodging        | 2 3 4 5 7 8 9 10 | 10.7
Poison Magic   | 1 2 3 4 |  4.0
Unarmed Combat | 4 5 6 8 9 10 11 12 | 12.3
Transmutations | 3 4 5 7 8 10 11 12 | 12.0
Ice Magic      | 2 3 4 |  4.9
Spellcasting   | 3 4 6 |  6.2
Translocations | 3 5 |  5.8
Evocations     | 1 2 |  2.7

Action                   |  1- 3 |  4- 6 |  7- 9 | 10-12 | 13-15 || total
-------------------------+-------+-------+-------+-------+-------++-------
Melee: Unarmed           |   117 |   231 |   400 |   712 |   284 ||  1744
       Headbutt          |    13 |    16 |    50 |    58 |       ||   137
       Kick              |    15 |    33 |    72 |    78 |     2 ||   200
       Tailslap          |     5 |    19 |    45 |    74 |    42 ||   185
       Punch             |       |     3 |    13 |    23 |     9 ||    48
       Bite              |       |       |       |       |    12 ||    12
 Cast: Beastly Appendage |    19 |    26 |    42 |    40 |     1 ||   128
       Spider Form       |     1 |       |    10 |     8 |     1 ||    20
       Wereblood         |       |     2 |     6 |     4 |     5 ||    17
       Ice Form          |       |       |       |    10 |     1 ||    11
       Blade Hands       |       |       |       |    25 |    27 ||    52
Invok: Reject Sacrifices |       |       |       |     1 |     1 ||     2
       Sacrifice Health  |       |       |       |     1 |       ||     1
       Sacrifice Love    |       |       |       |     1 |       ||     1
       Draw Out Power    |       |       |       |       |     1 ||     1
 Abil: Breathe Acid      |       |       |     6 |     6 |     2 ||    14
       End Transformatio |       |       |     1 |     4 |       ||     5
Evoke: Wand              |       |       |     2 |     7 |     3 ||    12
  Use: Scroll            |     5 |     4 |    11 |    11 |     5 ||    36
       Potion            |       |       |     3 |     5 |     6 ||    14
 Stab: Distracted        |       |       |       |     1 |     3 ||     4
Armor: Skin              |    47 |    79 |   109 |   113 |    37 ||   385
Dodge: Dodged            |    83 |   133 |   361 |   782 |   275 ||  1634

Table legend: (Time is in decaauts)
 A = Elapsed time spent in this place.
 B = Non-inter-level travel time spent in this place.
 C = Inter-level travel time spent in this place.
 D = Time resting spent in this place.
 E = Time spent auto-exploring this place.
 F = Levels seen in this place.
 G = Mean time per level.
                   A        B        C        D        E       F      G
               +--------+--------+--------+--------+--------+-----+--------+
         Total |  29076 |  28026 |   1050 |  11991 |  12179 |  19 | 1530.3 |
       Dungeon |  17738 |  16934 |    804 |   7227 |   7144 |  11 | 1612.5 |
        Temple |     79 |     47 |     32 |      0 |     38 |   1 |   79.0 |
          Lair |  11032 |  10819 |    213 |   4763 |   4829 |   6 | 1838.7 |
         Sewer |    226 |    226 |      0 |      0 |    168 |   1 |  226.0 |
               +--------+--------+--------+--------+--------+-----+--------+

Top non-repeatable levels by time:
  Lair:5: 2571 daAuts
  Lair:3: 2425 daAuts
    D:11: 2354 daAuts
     D:9: 2152 daAuts
  Lair:2: 2110 daAuts
     D:3: 1922 daAuts
     D:7: 1831 daAuts
     D:4: 1740 daAuts
  Lair:1: 1647 daAuts
     D:6: 1554 daAuts
     D:1: 1533 daAuts
     D:5: 1436 daAuts
  Lair:6: 1396 daAuts
    D:10: 1145 daAuts
     D:2: 1130 daAuts
